 Dungeon Crawl Stone Soup version 0.29.1-2-gbd0b4ee654 (webtiles) character file.

Game seed: 17974411427185549940

672 cdecastro the Frost Mage (level 7, -3/51 HPs)
             Began as a Barachi Ice Elementalist on Nov 13, 2022.
             Was a Follower of Wu Jian.
             Killed from afar by a white imp (8 damage)
             ... with a puff of frost
             ... on level 5 of the Dungeon.
             The game lasted 00:11:28 (5503 turns).

cdecastro the Frost Mage (Barachi Ice Elementalist) Turns: 5503, Time: 00:11:29

Health: -3/51      AC:  2    Str:  9    XL:     7   Next: 59%
Magic:  11/12      EV: 12    Int: 17    God:    Wu Jian [*.....]
Gold:   2          SH:  5    Dex: 13    Spells: 2/13 levels left

rFire   . . .      SeeInvis +   A - +3 flail
rCold   . . .      Faith    .   (no shield)
rNeg    . . .      Spirit   .   a - +0 robe
rPois   .          Reflect  +   (no helmet)
rElec   .          Harm     .   (no cloak)
rCorr   .          Rampage  .   (no gloves)
Will    .....                   (no boots)
Stlth   ++........              f - amulet of reflection
HPRegen 0.17/turn               p - ring of see invisible
MPRegen 0.13/turn               v - ring of wizardry

@: slow
A: amphibious, slowness 1, strong legs 1, +LOS
a: Hop, Renounce Religion


You were on level 5 of the Dungeon.
You worshipped Wu Jian.
Wu Jian was aware of your devotion.
You visited 2 branches of the dungeon, and saw 6 of its levels.

You collected 158 gold pieces.
You spent 156 gold pieces at shops.

Inventory:

Hand Weapons
 e - a +0 dagger
 A - a +3 flail (weapon)
Missiles
 h - 31 stones
 q - 8 boomerangs
 B - 18 poisoned darts
Armour
 a - a +0 robe (worn)
 i - a +0 ring mail
 t - a +0 helmet
Magical Staves
 F - a staff of cold
Jewellery
 f - an amulet of reflection (around neck)
 o - a +6 ring of strength
 p - a ring of see invisible (left hand)
 v - a ring of wizardry (right hand)
 E - a ring of magical power
Wands
 x - a wand of charming (10)
 y - a wand of roots (10)
Scrolls
 c - 4 scrolls of identify {unknown}
 d - a scroll of vulnerability {unknown}
 j - 2 scrolls of immolation {unknown}
 l - 2 scrolls of enchant armour {unknown}
 m - 2 scrolls of enchant weapon {unknown}
 n - a scroll of acquirement {unknown}
 u - a scroll of magic mapping {unknown}
 C - a scroll of poison {unknown}
Potions
 b - a potion of magic
 g - 2 potions of haste {unknown}
 k - 4 potions of mutation {unknown}
 r - 2 potions of curing {unknown}
 s - a potion of might
 w - 2 potions of attraction
 z - 2 potions of heal wounds
 D - 2 potions of berserk rage {unknown}


   Skills:
 + Level 2.6 Fighting
 - Level 2.1 Dodging
 - Level 1.7 Stealth
 - Level 3.8 Spellcasting
 - Level 3.0 Conjurations
 - Level 9.0 Ice Magic


You had 2 spell levels left.
You knew the following spells:

 Your Spells              Type           Power      Damage    Failure   Level
a - Freeze                Ice            100%       1d11      1%          1
b - Frozen Ramparts       Ice            66%        1d10      1%          3
c - Ozocubu's Armour      Ice            33%        N/A       1%          3
d - Hailstorm             Conj/Ice       23%        3d7       6%          4

Your spell library contained the following spells:

 Spells                   Type           Power      Damage    Failure   Level
 Call Canine Familiar     Summ           3%         N/A       19%         3
 Portal Projectile        Hex/Tloc       6%         N/A       19%         3
 Tukima's Dance           Hex            3%         N/A       19%         3
 Leda's Liquefaction      Hex/Erth       1%         N/A       52%         4
 Silence                  Hex/Air        1%         N/A       85%         5


Dungeon Overview and Level Annotations

Branches:
Dungeon (5/15)             Temple (1/1) D:4

Altars:
Ashenzari
Cheibriados
Dithmenos
Elyvilon
Fedhas
Gozag
Hepliaklqana
Nemelex Xobeh
Okawaru
Qazlal
Ru
Sif Muna
Trog
Uskayaw
Vehumet
Wu Jian
Xom
Zin

Shops:
D:5 !

Annotations:
D:2 1 runed translucent door, Crazy Yiuf


Innate Abilities, Weirdness & Mutations

You are amphibious.
You cover ground slowly.
You can hop short distances.
You have an extended range of vision and can be seen from far away.


Message History

The iguana is severely wounded.
The frozen ramparts melt away.
The iguana bites you! x2
You barely miss the iguana.
The iguana is severely wounded.
The iguana bites you!
* * * LOW HITPOINT WARNING * * *
Aiming: Freeze (safe; 1% risk of failure)
Press: ? - help, Q - select action, (/) - cycle Shift-Dir - straight line, f - iguana
Aim: an iguana (severely wounded)
You freeze the iguana!
You kill the iguana!
The Council accepts your kill. The white imp gestures at you.
The puff of frost hits you.
* * * LOW HITPOINT WARNING * * *
You lunge at the white imp, but your attack speed is too slow for a blow to land.
The white imp barely misses you.
Things that are here:
a +0 giant spiked club; an iguana corpse; an ogre corpse You closely miss the white imp.
The white imp barely misses you.
The white imp hits you but does no damage.
Unknown command.
You hit the white imp but do no damage. The white imp closely misses you.
You barely miss the white imp. The white imp barely misses you.
You closely miss the white imp. The white imp hits you.
* * * LOW HITPOINT WARNING * * *
The white imp freezes you.
* * * LOW HITPOINT WARNING * * *
The white imp closely misses you.
You sock the white imp!
The white imp is severely wounded.
The white imp hits you.
* * * LOW HITPOINT WARNING * * *
The white imp freezes you.
* * * LOW HITPOINT WARNING * * *
You barely miss the white imp.
The white imp is severely wounded.
The white imp gestures at you. The puff of frost hits you!
You die...

#.# #>..#..............##
....#...................####
#.................##....†..##
#...............[.#......#......
..........#.#......##...........
..........###......#....##...8..
........ ####.................
........##.#####)##......#####
>#..........5@..#.........
######..?.............≈≈≈≈
#5..............#...≈≈≈≈
..#............#...≈≈##
##.......[.......≈≈#.
#...<...........≈≈#
#................
#.................
#.................


You could see a white imp.

Vanquished Creatures
  An ice beast (D:5)
  An ogre (D:5)
  2 scorpions
  2 hounds (D:5)
  A jelly (D:5)
  An orc priest (D:5)
  3 iguanas
  Jessica (D:2)
  Terence (D:2)
  4 adders
  An ufetubus (D:4)
  4 worms (D:2)
  5 dart slugs
  6 orcs
  A ball python (D:1)
  6 endoplasms
  4 giant cockroaches
  6 goblins
  9 hobgoblins
  4 jackals (D:1)
  2 kobolds
  A quokka (D:1)
  3 bats
  4 frilled lizards
  2 rats
75 creatures vanquished.

Notes
Turn   | Place    | Note
-------+----------+-------------------------------------------
     0 | D:1      | cdecastro the Barachi Ice Elementalist began the quest for
                  | the Orb.
     0 | D:1      | Reached XP level 1. HP: 13/13 MP: 3/3
    86 | D:1      | Reached skill level 5 in Ice Magic
   269 | D:1      | Reached XP level 2. HP: 18/19 MP: 1/5
  1309 | D:2      | Reached XP level 3. HP: 17/24 MP: 0/6
  1318 | D:2      | Reached skill level 6 in Ice Magic
  1990 | D:2      | Identified the +3 leather armour of the Salmon {Contam
                  | rElec rC++ Regen+}
  2285 | D:2      | Noticed Jessica
  2295 | D:2      | Reached XP level 4. HP: 30/30 MP: 3/7
  2338 | D:2      | Killed Jessica
  2339 | D:2      | Reached skill level 7 in Ice Magic
  2813 | D:2      | Noticed Terence
  2818 | D:2      | Killed Terence
  2819 | D:2      | Reached XP level 5. HP: 32/35 MP: 5/8
  2892 | D:2      | Found a runed translucent door.
  2893 | D:2      | Noticed Crazy Yiuf
  3223 | D:3      | Noticed a golden eye
  3228 | D:3      | Found a faded altar of an unknown god.
  3228 | D:3      | Noticed a shining eye
  3229 | D:3      | Noticed an eye of devastation
  3230 | D:3      | Noticed a golden eye
  3264 | D:3      | Learned a level 3 spell: Frozen Ramparts
  3268 | D:3      | Learned a level 3 spell: Ozocubu's Armour
  3366 | D:3      | Got the Quarto of Charming Frostbite
  3421 | D:3      | Prayed at the altar of an unknown god.
  3421 | D:3      | Became a worshipper of the Wu Jian Council
  3421 | D:3      | Reached * piety under Wu Jian
  3736 | D:4      | Found a staircase to the Ecumenical Temple.
  3745 | Temple   | Entered the Ecumenical Temple
  4091 | D:4      | Reached skill level 8 in Ice Magic
  4576 | D:4      | Reached XP level 6. HP: 38/41 MP: 4/9
  4621 | D:4      | Found a sacrificial altar of Ru.
  4764 | D:5      | Entered Level 5 of the Dungeon
  4764 | D:5      | Found Potrion's Distillery.
  4896 | D:5      | Bought a potion of might for 52 gold pieces
  4896 | D:5      | Bought a potion of attraction for 39 gold pieces
  4896 | D:5      | Bought a potion of heal wounds for 65 gold pieces
  4902 | D:5      | Reached skill level 9 in Ice Magic
  5014 | D:5      | Noticed an ice beast
  5031 | D:5      | Killed an ice beast
  5032 | D:5      | Reached XP level 7. HP: 46/46 MP: 7/12
  5040 | D:5      | Learned a level 4 spell: Hailstorm
  5090 | D:5      | Reached skill level 1 in Conjurations
  5503 | D:5      | Killed from afar by a white imp

Illustrated notes

Levels and vault maps discovered:
D:1:      saegor_arrival_simple_c, layout_loops_ring
D:2:      layout_basic, supply_closet_lemuel, uniq_terence,
          uniq_crazy_yiuf_cottage, uniq_jessica
D:3:      layout_rooms, hellmonk_ecumenical_altar_watching_god
D:4:      layout_gridville, nicolae_overflow_hidden_temple,
          minmay_temple_entry_tees, minmay_misc_feat_more_columns,
          chequers_arboretum
D:5:      minmay_angry_zag, layout_cave_pools, serial_shops,
          nicolae_shop_advertising_works [nicolae_subvault_shop_adworks],
          serial_column_ruins, column_ruins_corridor_corner,
          column_ruins_open_tiny, column_ruins_open_small,
          column_ruins_corridor_corner, column_ruins_grid_1,
          column_ruins_grid_1, gammafunk_ghost_gnarly_gnolls
Temple:   minmay_crystal_spiral_temple

Skill      XL: |  1  2  3  4  5  6  7 |
---------------+----------------------+-----
Ice Magic      | 5 6 7 8 9 |  9.0
Spellcasting   | 3 |  3.8
Conjurations   | 3 |  3.0
Fighting       | 2 |  2.6
Dodging        | |  2.1
Stealth        | |  1.7

Action                   |  1- 3 |  4- 6 |  7- 9 || total
-------------------------+-------+-------+-------++-------
Melee: Unarmed           |     5 |       |       ||     5
       Dagger            |    23 |    10 |       ||    33
       Punch             |     1 |       |       ||     1
       Flail             |       |    23 |    18 ||    41
 Cast: Freeze            |    51 |    44 |    13 ||   108
       Ozocubu's Armour  |       |     1 |       ||     1
       Frozen Ramparts   |       |       |     1 ||     1
Invok: Lunge             |       |     4 |     2 ||     6
       Whirlwind         |       |     1 |       ||     1
 Abil: Hop               |       |     1 |     1 ||     2
  Use: Potion            |       |     1 |       ||     1
 Stab: Sleeping          |       |     7 |       ||     7
Armor: Robe              |     5 |    11 |     5 ||    21
Dodge: Dodged            |    31 |    35 |    26 ||    92
Block: Other             |       |     6 |     7 ||    13
